Map: Frozen Temple

Players

FeaR

  • Race: Protoss Protoss
  • League: Grandmaster

Miszu - Winner!

  • Race: Terran Terran
  • League: Master

VOD

Have the link to the VOD?

Description

Time

  • Played on: May 1, 2016, 2:18 p.m.
  • Length: 9:07
Show
View Real Time Build Order
Export as new Build Order

FeaR Protoss 

Build Orders: 1 Gate Expand, Blink Stalkers 

Get SALT Encoding   

  12  0:01  Probe (Chrono Boost)  
  13  0:11  Probe (Chrono Boost)  
  14  0:18  Pylon  
  14  0:22  Probe (Chrono Boost)  
  15  0:36  Probe (Chrono Boost)  
  15  0:37  Gateway  
  15  0:42  Assimilator  
  16  0:47  Probe (Chrono Boost)  
  17  0:57  Probe (Chrono Boost)  
  18  1:08  Probe (Chrono Boost)  
  19  1:20  Nexus  
  19  1:30  Probe (Chrono Boost)  
  20  1:33  Cybernetics Core  
  20  1:40  Assimilator  
  20  1:41  Probe (Chrono Boost)  
  21  1:50  Pylon  
  21  1:52  Probe (Chrono Boost)  
  22  2:03  Probe (Chrono Boost)  
  23  2:10  Adept  
  23  2:11  Warp Gate  
  23  2:13  Probe (Chrono Boost)  
  26  2:21  Twilight Council  
  26  2:24  Probe (Chrono Boost)  
  27  2:33  Probe (Chrono Boost)  
  27  2:35  Probe (Chrono Boost)  
  29  2:40  Adept  
  29  2:43  Probe (Chrono Boost)  
  32  2:45  Probe (Chrono Boost)  
  33  2:53  Probe (Chrono Boost)  
  33  2:55  Probe (Chrono Boost)  
  35  2:59  Blink (Chrono Boost)  
  35  3:03  Probe  
  36  3:07  Adept, Probe  
  39  3:14  Robotics Facility  
  39  3:15  Probe  
  40  3:23  Pylon, Probe  
  40  3:26  Probe  
  42  3:35  Mothership Core  
  42  3:37  Probe  
  45  3:47  Probe  
  45  3:50  Gateway  
  45  3:51  Gateway  
  45  3:52  Assimilator  
  45  3:54  Assimilator  
  46  3:56  Probe  
  46  3:58  Probe  
  46  4:02  Observer  
  49  4:08  Probe  
  49  4:09  Probe  
  47  4:19  Probe  
  47  4:20  Probe  
  47  4:27  Pylon  
  47  4:30  Probe  
  47  4:31  Observer  
  48  4:32  Stalker, Probe  
  48  4:33  Nexus  
  48  4:37  Pylon  
  52  4:40  Probe  
  52  4:45  Probe  
  54  4:46  Resonating Glaives (Chrono Boost)  
  54  4:51  Probe  
  54  4:52  Stalker  
  57  4:53  Stalker  
  57  4:55  Sentry  
  57  4:57  Probe  
  62  5:01  Probe  
  63  5:09  Probe  
  64  5:17  Sentry x2  
  64  5:18  Adept  
  70  5:24  Pylon  
  70  5:26  Pylon  
  70  5:30  Pylon  
  70  5:40  Gateway  
  70  5:41  Probe  
  70  5:42  Immortal (Chrono Boost), Probe  
  76  5:43  Adept  
  76  5:46  Adept, Gateway  
  76  5:47  Adept  
  76  5:49  Probe  
  82  5:52  Probe  
  82  5:54  Probe  
  85  6:00  Probe  
  86  6:04  Probe  
  86  6:05  Sentry  
  86  6:06  Probe  
  86  6:09  Gateway  
  90  6:12  Adept x2  
  98  6:19  Immortal (Chrono Boost)  
  98  6:20  Gateway  
  98  6:21  Gateway  
  98  6:24  Gateway  
  98  6:40  Stalker x5  
  108  6:47  Pylon  
  108  6:49  Pylon  
  108  6:51  Pylon  
  108  7:00  Pylon  
  108  7:06  Warp Prism (Chrono Boost)  
  108  7:10  Adept x4  
  108  7:11  Adept x2  
  108  7:15  Adept  
  90  7:24  Stalker  
  84  7:31  Adept x3  
  84  7:32  Adept x3  
  90  7:45  Stalker x2  
  90  7:49  Adept  
  96  8:04  Sentry x4  
  96  8:05  Adept x2  
  108  8:08  Pylon  
  86  8:32  Adept x4  
  86  8:33  Adept x2  
  79  8:42  Adept  
  79  8:43  Adept  
Show
View Real Time Build Order
Export as new Build Order

Miszu Terran - Winner!

Build Orders: MMM Bio 

Get SALT Encoding   

  12  0:00  SCV  
  13  0:12  SCV  
  14  0:18  Supply Depot  
  14  0:25  SCV  
  15  0:39  SCV  
  15  0:41  Barracks  
  16  0:52  SCV  
  17  1:04  SCV  
  18  1:15  Command Center  
  18  1:18  SCV  
  19  1:28  Marine  
  19  1:30  Orbital Command  
  20  1:44  Barracks  
  20  1:46  Marine  
  21  1:56  Supply Depot, SCV  
  22  2:04  Marine  
  23  2:17  Barracks  
  23  2:18  SCV  
  23  2:22  Marine  
  25  2:28  Orbital Command  
  25  2:31  Marine  
  25  2:32  SCV  
  25  2:34  Refinery  
  25  2:36  Refinery  
  27  2:40  Marine  
  28  2:46  SCV  
  28  2:49  Marine  
  30  2:53  SCV  
  31  2:58  SCV  
  31  2:59  Marine  
  31  3:04  Barracks Tech Lab  
  31  3:05  SCV  
  34  3:07  Marine  
  34  3:10  SCV  
  36  3:17  Marine, SCV  
  38  3:22  Marine, SCV  
  38  3:23  Stimpack  
  38  3:24  Marine  
  41  3:29  Supply Depot, SCV  
  42  3:34  Marine, SCV  
  42  3:40  Marine  
  45  3:41  SCV  
  45  3:43  Supply Depot  
  45  3:48  Factory  
  46  3:50  Marine, SCV  
  46  3:51  Refinery  
  46  3:52  Marine  
  49  3:56  SCV  
  49  3:58  Marine  
  52  4:02  SCV  
  52  4:04  Engineering Bay  
  52  4:06  Supply Depot  
  52  4:08  Marine  
  53  4:13  SCV  
  53  4:14  SCV  
  52  4:17  Marine x2  
  54  4:25  SCV  
  54  4:27  SCV  
  56  4:31  Terran Infantry Weapons Level 1  
  56  4:33  Supply Depot  
  56  4:36  Starport, Factory Reactor  
  56  4:37  SCV  
  57  4:39  Barracks Reactor, Marauder, SCV  
  57  4:45  Barracks Tech Lab  
  60  4:49  SCV  
  60  4:50  Refinery  
  60  4:52  SCV  
  62  4:55  Supply Depot  
  62  5:00  Marauder  
  62  5:01  SCV  
  62  5:04  SCV  
  66  5:13  SCV  
  67  5:14  Marauder  
  67  5:18  Marine x2  
  71  5:21  Factory Reactor  
  71  5:22  Medivac  
  71  5:23  Medivac  
  71  5:24  Marauder, SCV  
  78  5:28  Supply Depot  
  78  5:29  Supply Depot  
  78  5:34  Command Center  
  79  5:35  SCV  
  79  5:37  Combat Shields  
  79  5:40  Concussive Shells  
  79  5:41  SCV  
  80  5:50  SCV  
  80  5:51  Marauder  
  80  5:52  Supply Depot  
  80  5:54  Supply Depot  
  80  5:55  Medivac  
  85  5:57  Medivac  
  85  6:03  SCV  
  88  6:07  Barracks  
  88  6:08  Barracks  
  88  6:12  SCV  
  88  6:15  SCV  
  88  6:17  Widow Mine x2  
  94  6:19  Marine  
  94  6:24  Marauder, SCV  
  98  6:27  SCV  
  98  6:28  Medivac x2  
  102  6:41  Marine, Marauder  
  102  6:45  Marauder  
  102  6:47  Marine, Widow Mine  
  107  6:51  SCV x2, Orbital Command  
  112  6:56  Barracks Reactor, Barracks Tech Lab  
  112  6:58  Armory  
  112  6:59  Marine  
  112  7:00  Engineering Bay  
  113  7:03  Marauder, SCV  
  113  7:04  SCV  
  107  7:23  Marauder  
  107  7:25  Widow Mine  
  107  7:26  Medivac x2, Widow Mine  
  107  7:27  Marine, Marauder  
  113  7:32  Marine  
  113  7:33  Marine x2, Marauder  
  117  7:44  Marine, Marauder  
  117  7:46  Liberator  
  117  7:48  Marauder  
  117  7:50  Marine  
  117  7:51  Marine x2  
  123  7:54  Marauder  
  123  7:55  Supply Depot  
  123  7:56  Barracks x3  
  127  7:59  Engineering Bay  
  127  8:00  Armory  
  127  8:04  Marine  
  127  8:05  Marine  
  132  8:10  Marine  
  133  8:17  Marine x3, Marauder  
  124  8:32  Marauder  
  120  8:35  Marauder  
  120  8:39  Marauder  
  121  8:41  Marine  
  121  8:42  Marine x3  
Tags
 
Add a new tag
Caveats
  • Supply blocks, unpowered buildings, or Contaminate may cause inaccurate times.
  • Supply counts are checked every 10 seconds.